 Dungeon Crawl Stone Soup version 0.27.0-1-g7a089689b8 (webtiles) character file.

Game seed: 8607329690018612392

142 SnakkuSnakku7 the Magician (level 5, -1/37 HPs)
             Began as a Djinni Artificer on Aug 14, 2021.
             Killed by their own static electricity (3 damage)
             ... on level 3 of the Dungeon on Aug 15, 2021.
             The game lasted 00:06:35 (4050 turns).

SnakkuSnakku7 the Magician (Djinni Artificer)       Turns: 4050, Time: 00:06:38

Health: -1/37      AC:  3    Str: 11    XL:     5   Next: 50%
Gold:   63         EV: 11    Int: 14    God:
                   SH:  0    Dex: 13

rFire    + + .     SeeInvis .   q - +0 short sword
rCold    x . .     Faith    .   (no shield)
rNeg     . . .     Spirit   .   b - +0 leather armour
rPois    ∞         Reflect  .   (no helmet)
rElec    .         Harm     .   (no cloak)
rCorr    .         Rampage  .   (no gloves)
Will     .....                  (boots unavailable)
Stlth    +.........             (no amulet)
HPRegen  0.12/turn              (no ring)
MPRegen  0.00/turn              (no ring)

@: flying
A: sickness immunity, fire resistance 2, cold vulnerability 1, float, innate
caster, hp casting, extra vitality 1
a: no special abilities


You were on level 3 of the Dungeon.
You visited 1 branch of the dungeon, and saw 3 of its levels.

You collected 171 gold pieces.
You spent 108 gold pieces at shops.

Inventory:

Hand Weapons
 a - a +0 club
 q - a +0 short sword (weapon)
Armour
 b - a +0 leather armour (worn)
Wands
 c - a wand of flame (7)
 d - a wand of charming (6)
Scrolls
 f - a scroll of teleportation {unknown}
 g - a scroll of enchant armour {unknown}
 h - 2 scrolls of holy word {unknown}
 j - a scroll of noise {unknown}
 l - a scroll of fog {unknown}
 m - a scroll of torment {unknown}
 p - a scroll of amnesia {unknown}
Potions
 i - a potion of berserk rage {unknown}
 k - a potion of ambrosia {unknown}
 n - a potion of heal wounds
 o - a potion of curing
Miscellaneous
 e - a piece from Xom's chessboard (15/15)


   Skills:
 - Level 1.0 Fighting
 - Level 1.0 Armour
 - Level 2.1 Dodging
 - Level 0.7 Stealth
 + Level 3.5 Spellcasting
 - Level 3.0 Evocations


You had 8 spell levels left.
You knew the following spells:

 Your Spells              Type           Power      Damage    Failure   Level
a - Magic Dart            Conj           48%        1d5       6%          1
b - Static Discharge      Conj/Air       12%        N/A       10%         2
Your spell library was empty.

Dungeon Overview and Level Annotations

Branches:
Dungeon (3/15)

Altars:

Shops:
D:2 (![:


Innate Abilities, Weirdness & Mutations

You are immune to sickness and miasma.
You are immune to poison.
Your flesh is very heat resistant. (rF++)
You are vulnerable to cold. (rC-)
You float through the air rather than walking.
You learn spells naturally, not from books.
Your magical power is your life essence.
You have superior vitality. (+4 HP)


Message History

Press: ? - help, Shift-Dir - straight line, f - endoplasm
Aim: an endoplasm (heavily wounded, 100% to hit)
The magic dart hits the endoplasm.
The endoplasm is severely wounded.
* * * LOW HITPOINT WARNING * * *
The endoplasm jiggles.
The endoplasm freezes you.
You are frozen.
* * * LOW HITPOINT WARNING * * *
Casting: Magic Dart (safe; 6% risk of failure)
Confirm with . or Enter, or press ? or * to list all spells.
Aiming: Magic Dart (safe; 6% risk of failure)
Press: ? - help, Shift-Dir - straight line, f/p - endoplasm
Aim: an endoplasm (severely wounded, 100% to hit)
The magic dart hits the endoplasm.
The endoplasm is almost dead.
* * * LOW HITPOINT WARNING * * *
The endoplasm barely misses you.
Unknown command.
Casting: Static Discharge (safe; 10% risk of failure)
Press: ? - help, Q - select action, (/) - cycle Dir - look around, f - activate You miscast Static Discharge.
You are very lightly contaminated with residual magic.
Nothing appears to happen.
* * * LOW HITPOINT WARNING * * *
The endoplasm freezes you.
You are frozen.
You feel a terrible chill!
* * * LOW HITPOINT WARNING * * *
There is an open door here.
The endoplasm jiggles.
Things that are here:
a +0 dagger; a stone Your magical contamination has completely faded away.
There is an open door here.
Casting: Static Discharge (safe; 10% risk of failure)
Press: ? - help, Q - select action, (/) - cycle Dir - look around, f - activate The endoplasm is struck by an arc of lightning.
You kill the endoplasm!
You are struck by an arc of lightning.
You die...

######## #. #......###### #.#
#......#....######### #.########
.......')...'...@...###........#
.......#....#######..##........#
.......#....# ##.##........#
.......#....# #..#........#
.......#....# ##.#........#
.......#....# #...........
.#######....# ##..........
.############ #..........
........ ##.#####...


There were no monsters in sight!

Vanquished Creatures
  Jessica (D:2)
  3 adders
  3 worms (D:2)
  4 dart slugs
  An orc (D:3)
  6 ball pythons
  6 endoplasms
  4 giant cockroaches
  5 hobgoblins
  3 jackals (D:1)
  2 kobolds
  6 quokkas
  3 bats
  5 frilled lizards (D:1)
  10 goblins
  4 rats
66 creatures vanquished.

Vanquished Creatures (collateral kills)
  A goblin (D:2)
  2 jackals (D:1)
3 creatures vanquished.

Vanquished Creatures (others)
  5 jackals
5 creatures vanquished.

Grand Total: 74 creatures vanquished

Notes
Turn   | Place    | Note
-------+----------+-------------------------------------------
     0 | D:1      | SnakkuSnakku7 the Djinni Artificer began the quest for the
                  | Orb.
     0 | D:1      | Reached XP level 1. HP: 17/17 MP: 0/0
   139 | D:1      | Reached skill level 1 in Spellcasting
   139 | D:1      | Reached XP level 2. HP: 4/22 MP: 0/0
   426 | D:1      | Found a faded altar of an unknown god.
   759 | D:1      | Reached XP level 3. HP: 21/27 MP: 0/0
   759 | D:1      | Learned a level 1 spell: Magic Dart
  1516 | D:2      | Noticed Jessica
  1822 | D:2      | Killed Jessica
  1823 | D:2      | Reached XP level 4. HP: 8/32 MP: 0/0
  2401 | D:2      | Found Yleny's Antique Armour Shop.
  2808 | D:2      | Found Uqomagyi's Weapon Shop.
  2832 | D:2      | Found Rigatsayq's Distillery.
  2841 | D:2      | Bought a potion of heal wounds for 60 gold pieces
  2841 | D:2      | Bought a potion of degeneration for 12 gold pieces
  2841 | D:2      | Bought a potion of curing for 36 gold pieces
  3049 | D:2      | Reached XP level 5. HP: 30/37 MP: 0/0
  3049 | D:2      | Learned a level 2 spell: Static Discharge
  3647 | D:2      | Found Jituq's Book Shop.
  4050 | D:3      | Killed from afar by themself

Illustrated notes

Levels and vault maps discovered:
D:1:      evilmike_arrival_rings, layout_loops_ring,
          shapermc_ecumenical_altar_gd, minmay_misc_feat_iff
D:2:      cheibrodos_greedy_goblins, layout_loops_ring, serial_shops,
          nicolae_shop_temple_entry_statues_fountains, shop, shop, shop,
          uniq_jessica
D:3:      layout_basic, nicolae_overflow_hidden_temple, serial_shops, shop

Skill      XL: |  1  2  3  4 |
---------------+-------------+-----
Spellcasting   | 1 2 3 |  3.5
Fighting       | |  1.0
Armour         | |  1.0
Dodging        | |  2.1
Stealth        | |  0.7
Evocations     | |  3.0

Action                   |  1- 3 |  4- 6 || total
-------------------------+-------+-------++-------
Melee: Club              |    76 |    38 ||   114
       Short sword       |       |     4 ||     4
 Cast: Magic Dart        |    33 |   101 ||   134
       Static Discharge  |       |     4 ||     4
Evoke: Wand              |    13 |     4 ||    17
       Piece from Xom's  |     3 |       ||     3
 Stab: Sleeping          |     1 |       ||     1
Armor: Leather armour    |    32 |    11 ||    43
Dodge: Dodged            |    72 |    55 ||   127
